 Dungeon Crawl Stone Soup version 0.30-a0-777-ga9a30cbeda (webtiles) character file.

Game seed: 6877244542457340835

3 Esekla the Sneak (level 1, -1/16 HPs)
             Began as an Octopode Delver on Feb 15, 2023.
             Slain by an adder (3 damage)
             ... on level 5 of the Dungeon.
             The game lasted 00:01:10 (48 turns).

Esekla the Sneak (Octopode Delver)                    Turns: 48, Time: 00:01:11

Health: -1/16      AC:  1    Str: 11    XL:     1   Next: 50%
Magic:  1/1        EV: 13    Int: 12    God:
Gold:   0          SH:  0    Dex: 13    Spells: 0/0 levels left

rFire   . . .      SeeInvis .    a - +0 falchion
rCold   . . .      Faith    .    (no shield)
rNeg    . . .      Spirit   .    (helmet restricted)
rPois   .          Reflect  .    (no amulet)
rElec   .          Harm     .    (no ring)
rCorr   .          Rampage  .    (no ring)
Will    .....                    (no ring)
Stlth   ++++                     (no ring)
HPRegen 0.22/turn                (no ring)
MPRegen 0.07/turn                (no ring)
                                 (no ring)
                                 (no ring)

@: lethally poisoned (-1 -> -2), marked
A: almost no armour, amphibious, 8 rings, camouflage 1, gelatinous body 1,
(nimble swimmer 1), tentacles
a: no special abilities


You were on level 5 of the Dungeon.
You visited 1 branch of the dungeon, and saw 1 of its levels.

Inventory:

Hand Weapons
 a - a +0 falchion (weapon)
Wands
 f - a wand of digging (3)
Scrolls
 b - a scroll of fog
Potions
 e - a potion of haste


   Skills:
 * Level 3.0 Fighting
 * Level 2.0 Long Blades
 * Level 2.0 Dodging
 + Level 6.7 Stealth


You couldn't memorise any spells.
You didn't know any spells.
Your spell library was empty.

Dungeon Overview and Level Annotations

Branches:
Dungeon (5/15)
 Temple: D:4-7

Altars:


Innate Abilities, Weirdness & Mutations

You cannot wear most types of armour.
You are amphibious.
You can wear up to eight rings at the same time.
Your skin changes colour to match your surroundings (Stealth+).
Your rubbery body absorbs attacks. (AC +1, EV +1)
((You are camouflaged when in or above water. (Stealth+)))
You have tentacles for arms and can constrict up to eight enemies at once.


Message History

With a horrendous wail, an alarm goes off!
A sentinel's mark forms upon you.
The orc shouts!
You hear a shout!
You hear an angry hiss.
The adder attacks as you move away! The adder barely misses you.
The quokka misses you. The quokka attacks as you move away!
The quokka barely misses you. The orc barely misses you.
You completely miss the orc. Your grab misses the orc. The quokka bites you.
The quokka misses you. The orc barely misses you.
You hit the orc. Your grab misses the orc. You squeeze the orc.
You kill the orc!
The quokka bites you.
You hit the quokka but do no damage. You grab the quokka.
You constrict the quokka, but do no damage.
The quokka closely misses you. The quokka barely misses you.
You hit the quokka but do no damage.
You constrict the quokka, but do no damage.
The quokka closely misses you.
You hit the quokka but do no damage. You constrict the quokka.
The quokka barely misses you. The quokka bites you.
You hit the quokka.
The quokka is almost dead.
You constrict the quokka.
You kill the quokka!
The adder bites you.
You are poisoned.
The adder poisons you!
You barely miss the adder. Your grab misses the adder.
Your squeeze misses the adder.
* * * LOW HITPOINT WARNING * * *
You feel sick. The adder barely misses you.
You hit the adder. Your grab misses the adder.
The adder is moderately wounded.
* * * LOW HITPOINT WARNING * * *
You feel sick. The adder closely misses you. The adder barely misses you.
You miss the adder. Your grab misses the adder. Your squeeze misses the adder.
The adder is lightly wounded.
* * * LOW HITPOINT WARNING * * *
You feel sick. The adder bites you.
You die...

*,*********#.# *,* #.#
*,* #.# *,* #######.#
*,*###.......#######*##
#.##..o.............,..
#.....o#####.#########.
#..###S# #.#......o..
#,,* #@# #.S...#**#..
*,,**#)#***###.S.####..
*,,,,..#~~~~~#.........
*,,,..##~*,*~#....###S.
**,###,+,,_,~#....# #..
*,* *,*~*,*~#.##.# #..
*,* *,*~~~~~#....###oo
*,***,******#......./.
*,,,,,* *,**###.......


You could see an adder and 2 orcs.

Vanquished Creatures
  An orc (D:5)
  A quokka (D:5)
2 creatures vanquished.

Notes
Turn   | Place    | Note
-------+----------+-------------------------------------------
     0 | D:5      | Esekla the Octopode Delver began the quest for the Orb.
     0 | D:5      | Reached XP level 1. HP: 16/16 MP: 1/1
    17 | D:5      | Noticed an orc priest
    48 | D:5      | Slain by an adder

Illustrated notes

Levels and vault maps discovered:
D:5:      layout_loops_ring, kennysheep_little_box,
          nicolae_uskayaw_murder_on_the_dancefloor

Action                     || total
---------------------------++-------
  Melee: Falchion          ||     9
         Constrict         ||     1
         Tentacles         ||     1
    Use: Scroll            ||     2
  Dodge: Dodged            ||    18

Table legend: (Time is in decaauts)
 A = Elapsed time spent in this place.
 B = Non-inter-level travel time spent in this place.
 C = Inter-level travel time spent in this place.
 D = Time resting spent in this place.
 E = Time spent auto-exploring this place.
 F = Levels seen in this place.
 G = Mean time per level.
                   A        B        C        D        E       F      G
               +--------+--------+--------+--------+--------+-----+--------+
         Total |     49 |     49 |      0 |      0 |      0 |   1 |   49.0 |
       Dungeon |     49 |     49 |      0 |      0 |      0 |   1 |   49.0 |
               +--------+--------+--------+--------+--------+-----+--------+

Top non-repeatable levels by time:
     D:5: 49 daAuts
